 Dungeon Crawl Stone Soup version 0.29.1-debian-4-g95531337e3 (webtiles) character file.

Game seed: 1440376388982144438

126 Dreamer the Shield-Bearer (level 5, -8/42 HPs)
             Began as a Formicid Fighter on Sept 13, 2022.
             Killed by divine providence
             ... invoked by an orc priest
              (13 damage)
             ... on level 3 of the Dungeon.
             The game lasted 00:05:56 (2446 turns).

Dreamer the Shield-Bearer (Formicid Fighter)        Turns: 2446, Time: 00:05:58

Health: -8/42      AC: 11    Str: 22    XL:     5   Next: 31%
Magic:  5/5        EV:  6    Int:  8    God:
Gold:   138        SH:  5    Dex: 13    Spells: 4/4 levels left

rFire   . . .      SeeInvis +   p - +4 mace
rCold   . . .      Faith    .   c - +0 buckler
rNeg    + . .      Spirit   .   j - +0 plate armour
rPois   .          Reflect  .   (helmet unavailable)
rElec   .          Harm     .   (no cloak)
rCorr   .          Rampage  .   (no gloves)
Will    .....                   (no boots)
Stlth   ..........              (no amulet)
HPRegen 0.14/turn               a - ring of positive energy
MPRegen 0.09/turn               (no ring)

@: lethally poisoned (-8 -> -11)
A: permanent stasis, dig shafts and tunnels, antennae 3, four strong arms
a: Dig, Shaft Self


You were on level 3 of the Dungeon.
You visited 1 branch of the dungeon, and saw 4 of its levels.

You collected 138 gold pieces.

Inventory:

Hand Weapons
 b - a +0 vampiric whip
 o - a +1 mace of holy wrath
 p - a +4 mace (weapon)
Armour
 c - a +0 buckler (worn)
 j - a +0 plate armour (worn)
Jewellery
 a - a ring of positive energy (left hand)
 r - a +4 ring of protection
Wands
 m - a wand of roots (10)
Scrolls
 f - 3 scrolls of identify {unknown}
 g - 2 scrolls of teleportation {unknown}
 h - 4 scrolls of enchant armour {unknown}
 i - a scroll of summoning {unknown}
 l - a scroll of immolation {unknown}
 n - a scroll of silence {unknown}
 s - a scroll of poison {unknown}
Potions
 d - 2 potions of might
 e - a potion of heal wounds {unknown}
 k - a potion of curing {unknown}
 q - a potion of degeneration {unknown}


   Skills:
 + Level 4.0 Fighting
 * Level 3.5 Maces & Flails
 + Level 4.0 Armour
 + Level 4.9 Shields


You had 4 spell levels left.
You didn't know any spells.
Your spell library contained the following spells:

 Spells                   Type           Power      Damage    Failure   Level
 Freeze                   Ice            0%         1d3       100%        1
 Frozen Ramparts          Ice            0%         1d1       100%        3
 Stone Arrow              Conj/Erth      0%         3d7       100%        3
 Animate Armour           Summ/Erth      0%         N/A       100%        4
 Hailstorm                Conj/Ice       0%         3d3       100%        4
 Lehudib's Crystal Spear  Conj/Erth      0%         10d2      100%        8


Dungeon Overview and Level Annotations

Branches:
Dungeon (4/15)
 Temple: D:4-7

Altars:
Cheibriados
Uskayaw

Annotations:
D:4 Dowan, Duvessa


Innate Abilities, Weirdness & Mutations

You cannot be hasted, slowed, berserked, paralysed or teleported.
You can dig through walls and to a lower floor.
You have a pair of large antennae on your head. (SInv)
Your four strong arms can wield two-handed weapons with a shield.


Message History

Duvessa shouts!
Dowan shouts!
Found 2 large rocks.
There is a stone staircase leading up here.
There are monsters nearby!
Dowan hits you with a +0 dagger.
You climb upwards.
There is a stone staircase leading down here.
HP restored.
There is a stone staircase leading down here.
You climb downwards.
Level annotation: Dowan, Duvessa
Found a scroll labelled ZAUBAKLE KASUM and a cyan potion.
There is a stone staircase leading up here.
There are no items here.
You closely miss the scorpion. The scorpion stings you.
You are poisoned.
The scorpion poisons you! The scorpion stings you.
The orc priest barely misses you.
You feel very sick.
The scorpion stings you but does no damage.
The orc priest hits you but does no damage.
You climb upwards.
You feel very sick.
There is a stone staircase leading down here.
You closely miss the orc priest.
You feel sick.
The scorpion stings you but does no damage.
You block the orc priest's attack. You block the scorpion's attack.
You sock the orc priest!
The orc priest is severely wounded.
You feel sick. The scorpion barely misses you.
The orc priest mumbles some strange prayers to Beogh against you.
Beogh smites you!
* * * LOW HITPOINT WARNING * * *
You hit the orc priest.
The orc priest is almost dead.
You feel sick. The scorpion stings you.
* * * LOW HITPOINT WARNING * * *
The orc priest mumbles some strange prayers to Beogh against you.
Beogh smites you!
You die...

#............#...###.......
#.........##.#..## #.......
#..........#.#..# #####...
#######.#..#....# ####)..
#.#..#...######......
#.#..#.......##.....#
#.#...........#.....#
#########.#...######..#######
#..........s@o........#
#####.########.#.########.#
#........##......###....#.#
#........##...............# #
#................###....### #
#........#.......# #....# #
#........#...###.# #....# #
#........#...# #.# #....# #
##########...# #.# #...^#
#####


You could see a scorpion and an orc priest.

Vanquished Creatures
  Ijyb (D:3)
  2 adders
  3 worms (D:3)
  A dart slug (D:1)
  6 orcs (D:3)
  5 ball pythons
  3 bats
  4 endoplasms (D:1)
  2 giant cockroaches (D:2)
  4 hobgoblins
  3 jackals (D:1)
  8 kobolds
  4 quokkas
  5 frilled lizards
  6 goblins
  5 rats
62 creatures vanquished.

Notes
Turn   | Place    | Note
-------+----------+-------------------------------------------
     0 | D:1      | Dreamer the Formicid Fighter began the quest for the Orb.
     0 | D:1      | Reached XP level 1. HP: 18/18 MP: 1/1
   141 | D:1      | Reached XP level 2. HP: 22/24 MP: 2/2
   496 | D:1      | Reached XP level 3. HP: 29/29 MP: 3/3
  1066 | D:2      | Reached XP level 4. HP: 32/37 MP: 4/4
  1067 | D:2      | Found a faded altar of an unknown god.
  1858 | D:3      | Found a snail-covered altar of Cheibriados.
  1950 | D:3      | Noticed Ijyb
  1969 | D:3      | Killed Ijyb
  1970 | D:3      | Reached XP level 5. HP: 37/42 MP: 5/5
  2117 | D:3      | Found a hide-covered altar of Uskayaw.
  2406 | D:4      | Noticed Duvessa
  2406 | D:4      | Noticed Dowan
  2446 | D:3      | Killed from afar by an orc priest

Illustrated notes

Levels and vault maps discovered:
D:1:      onia_arrival_pyramid, layout_basic, st_stairs_6
D:2:      layout_rooms, serial_aquarium, aquarium_bridge_square
          [aquarium_subvault_bridge, aquarium_subvault_bridge,
          aquarium_subvault_wall, aquarium_subvault_wall],
          aquarium_window_corner, aquarium_window_corner, aquarium_view_2b,
          aquarium_view_2d, aquarium_pool_side,
          chequers_ecumenical_altar_simple_redux
D:3:      cheibrodos_helix_gallery, layout_basic, cheibriados_altar_1,
          marbit_many_paths, uniq_ijyb
D:4:      layout_loops_corners, uniq_duvessa

Skill      XL: |  1  2  3  4 |
---------------+-------------+-----
Maces & Flails | 3 |  3.5
Fighting       | 4 |  4.0
Armour         | 4 |  4.0
Shields        | |  4.9

Action                   |  1- 3 |  4- 6 || total
-------------------------+-------+-------++-------
Melee: Flail             |   124 |    13 ||   137
       Whip              |       |    63 ||    63
       Mace              |       |    22 ||    22
Armor: Scale mail        |    56 |     5 ||    61
       Plate armour      |       |    35 ||    35
Dodge: Dodged            |    60 |    18 ||    78
Block: Buckler           |    31 |    15 ||    46
